 Dungeon Crawl Stone Soup version 0.22.0-38-g04b72b8 (webtiles) character file.

353 Loudmushroom the Chopper (level 6, 26/56 HPs)
             Began as a Hill Orc Fighter on Aug 26, 2018.
             Quit the game on level 5 of the Dungeon.
             The game lasted 00:21:12 (4952 turns).

Loudmushroom the Chopper (Hill Orc Fighter)         Turns: 4952, Time: 00:21:14

Health: 26/56      AC: 13    Str: 19    XL:     6   Next: 62%
Magic:  6/6        EV:  3    Int:  8    God:
Gold:   215        SH:  9    Dex: 12    Spells: 5/5 levels left

rFire    . . .     SeeInvis .   D - +2 hand crossbow of Crystal {flame, rN++} (curse)
rCold    . . .     Gourm    .   c - +0 shield
rNeg     + + .     Faith    .   i - +0 plate armour
rPois    .         Spirit   .   j - +0 helmet
rElec    .         Reflect  .   (no cloak)
rCorr    .         Harm     .   (no gloves)
MR       .....                  (no boots)
Stlth    ..........             (no amulet)
HPRegen  0.18/turn              (no ring)
MPRegen  0.10/turn              (no ring)

@: no status effects
A: no striking features
a: no special abilities


You were on level 5 of the Dungeon.
You were not hungry.

You visited 1 branch of the dungeon, and saw 5 of its levels.
You also visited: Sewer.

You collected 215 gold pieces.

Inventory:

Hand Weapons
 a - a +0 war axe
 b - a +0 hunting sling
 A - a cursed -1 blowgun
 D - the cursed +2 hand crossbow of Crystal (weapon) {flame, rN++}
   (You found it on level 4 of the Dungeon)

   It causes projectiles fired from it to burn those they strike, causing extra
   injury to most foes and up to half again as much damage against particularly
   susceptible opponents.
   It greatly protects you from negative energy.
   It has a curse placed upon it.
Missiles
 e - 188 stones
 l - 96 bolts (quivered)
 u - 45 poisoned needles
Armour
 c - a +0 shield (worn)
 i - a +0 plate armour (worn)
 j - a +0 helmet (worn)
Jewellery
 o - an uncursed ring of ice {unknown}
 w - an uncursed ring of stealth {unknown}
Scrolls
 g - 5 scrolls of identify {unknown}
 k - 4 scrolls of fog {unknown}
 q - a scroll of enchant armour {unknown}
 v - 2 scrolls of magic mapping {unknown}
 x - 5 scrolls of remove curse {unknown}
 y - 3 scrolls of teleportation {unknown}
 C - a scroll of blinking {unknown}
Potions
 d - a potion of might
 h - 3 potions of mutation {unknown}
 m - 6 potions of curing {unknown}
 n - a potion of resistance {unknown}
 p - 2 potions of berserk rage {unknown}
 s - a potion of haste {unknown}
 t - a potion of magic {unknown}
 z - 3 potions of flight {unknown}
 B - a potion of heal wounds {unknown}
Comestibles
 f - 5 rations


   Skills:
 + Level 5.0 Fighting
 * Level 6.0 Axes
 + Level 4.5 Armour
 + Level 4.5 Shields


You had 5 spell levels left.
You didn't know any spells.
Your spell library was empty.

Dungeon Overview and Level Annotations

Branches:
Dungeon (5/15)
 Temple: D:4-7

Altars:
Ru
Wu Jian
The Shining One


Message History

There is an escape hatch in the floor here.
You slide downwards.
The hatch slams shut behind you.
A jackal and a skeleton come into view.
The jackal barks!
Found 2 rations, a scroll labeled SYRO LEIDUG and 10 gold pieces.
You can't go up here!
You can't go down here!
A jackal comes into view.
Found 14 gold pieces.
You block the leopard gecko skeleton's attack.
You block the jackal's attack.
Found a stone staircase leading up.
Found a long sword.
Found a whip.
The jackal bites you but does no damage.
Found a ration.
The leopard gecko skeleton bites you but does no damage.
You block the jackal's attack.
Found 9 bolts.
Are you sure you want to abandon this character and quit the game? (Confirm with "yes".)

..#...............#
#.#..........%....#
#.#...............#
#.#...............#
#.....#.###########
###.......###
#...h..##....
#.#....hZ..####
.......@...#
..........<..#
.#....).)......
#...#....%....
#..##......... #..
#......... ...
#(........ .#
#.........


You could see 2 jackals and a leopard gecko skeleton.

Vanquished Creatures
  An ogre (D:4)
  A big kobold (Sewer)
  Robin (D:4)
  7 adders
  A gnoll (D:1)
  An ooze (D:2)
  3 worms
  2 leopard geckos (D:1)
  4 orcs (D:3)
  3 bats (D:2)
  10 giant cockroaches
  11 hobgoblins
  7 jackals
  10 kobolds
  A ball python (Sewer)
  A frilled lizard (D:4)
  21 goblins
  7 rats
92 creatures vanquished.

Notes
Turn   | Place    | Note
-------+----------+-------------------------------------------
     0 | D:1      | Loudmushroom the Hill Orc Fighter began the quest for the Orb.
     0 | D:1      | Reached XP level 1. HP: 19/19 MP: 1/1
    91 | D:1      | Reached skill level 3 in Axes
    91 | D:1      | Reached XP level 2. HP: 27/27 MP: 2/2
   575 | D:1      | Reached XP level 3. HP: 33/33 MP: 3/3
  1357 | D:2      | Reached skill level 4 in Axes
  1357 | D:2      | Reached XP level 4. HP: 32/40 MP: 4/4
  2878 | D:3      | Found an ornate altar of the Wu Jian Council.
  3030 | D:3      | Reached XP level 5. HP: 39/47 MP: 5/5
  3470 | D:4      | Found a glowing golden altar of the Shining One.
  3501 | D:4      | Found a sacrificial altar of Ru.
  3546 | D:4      | Found a glowing drain.
  3593 | Sewer    | Entered a sewer
  3740 | Sewer    | Noticed a big kobold
  3752 | Sewer    | Killed a big kobold
  3752 | Sewer    | Reached skill level 5 in Axes
  3815 | Sewer    | Reached XP level 6. HP: 46/55 MP: 6/6
  4198 | D:4      | Reached skill level 5 in Fighting
  4590 | D:4      | Noticed Robin
  4600 | D:4      | Killed Robin
  4600 | D:4      | Reached skill level 6 in Axes
  4769 | D:4      | Got a brightly glowing hand crossbow
  4770 | D:4      | Identified the cursed +2 hand crossbow of Crystal {flame, rN++} (You found it on level 4 of the Dungeon)
  4933 | D:5      | Entered Level 5 of the Dungeon
  4952 | D:5      | Quit the game

Skill      XL: |  1  2  3  4  5  6 |
---------------+-------------------+-----
Axes           | 3 4 5 6 |  6.0
Fighting       | 4 5 |  5.0
Shields        | 4 |  4.5
Armour         | 4 |  4.5

Action                   |  1- 3 |  4- 6 || total
-------------------------+-------+-------++-------
Melee: War axe           |    70 |   226 ||   296
       Hand crossbow     |       |   103 ||   103
  Eat: Chunk             |     1 |     9 ||    10
       Ration            |       |     1 ||     1
Armor: Scale mail        |    16 |       ||    16
       Plate armour      |    28 |   178 ||   206
Dodge: Dodged            |    16 |    30 ||    46
Block: Shield            |    34 |   152 ||   186
